 Dungeon Crawl Stone Soup version 0.25-a0-667-gb977e01cb5 (webtiles) character file.

Game seed: 16942112647000710490, levelgen mode: deterministic

172 Error4North the Covered (level 5, -2/46 HPs)
             Began as a Hill Orc Fighter on Mar 27, 2020.
             Slain by a gnoll
             ... wielding a +0 flail
              (4 damage)
             ... on level 3 of the Dungeon.
             The game lasted 00:06:07 (2535 turns).

Error4North the Covered (Hill Orc Fighter)          Turns: 2535, Time: 00:06:08

Health: -2/46      AC:  7    Str: 20    XL:     5   Next: 52%
Magic:  5/5        EV:  7    Int:  8    God:
Gold:   55         SH:  9    Dex: 10    Spells: 4/4 levels left

rFire    . . .     SeeInvis +   a - +0 war axe
rCold    . . .     Gourm    .   c - +0 kite shield
rNeg     . . .     Faith    .   b - +0 scale mail
rPois    .         Spirit   .   (no helmet)
rElec    .         Reflect  .   (no cloak)
rCorr    .         Harm     .   (no gloves)
MR       .....                  (no boots)
Stlth    ..........             (no amulet)
HPRegen  0.15/turn              h - ring of see invisible
MPRegen  0.09/turn              (no ring)

@: flying
A: no striking features
a: no special abilities


You were on level 3 of the Dungeon.
You were not hungry.

You visited 1 branch of the dungeon, and saw 3 of its levels.

You collected 55 gold pieces.

Inventory:

Hand Weapons
 a - a +0 war axe (weapon)
Missiles
 o - 4 javelins (quivered)
Armour
 b - a +0 scale mail (worn)
 c - a +0 kite shield (worn)
Jewellery
 h - a ring of see invisible (left hand)
Scrolls
 e - 3 scrolls of identify {unknown}
 g - a scroll of random uselessness {unknown}
 i - a scroll of enchant armour {unknown}
 j - 2 scrolls of remove curse {unknown}
 m - a scroll of amnesia {unknown}
 n - a scroll of immolation {unknown}
Potions
 d - 2 potions of might
 p - a potion of curing {unknown}
Comestibles
 f - 4 rations
 k - 5 chunks of flesh


   Skills:
 + Level 4.0 Fighting
 + Level 4.1 Axes
 * Level 4.9 Armour
 + Level 0.3 Dodging
 * Level 4.4 Shields


You had 4 spell levels left.
You didn't know any spells.
Your spell library was empty.

Dungeon Overview and Level Annotations

Branches:
Dungeon (3/15)

Altars:
Elyvilon
Qazlal


Message History

You kill the gnoll!
You closely miss the gnoll.
The gnoll hits you from afar with a +0 spear.
* * * LOW HITPOINT WARNING * * *
You block the gnoll's attack.
The gnoll hits you from afar with a +0 spear.
* * * LOW HITPOINT WARNING * * *
It was a potion of flight.
You feel very buoyant.
You fly up into the air.
The gnoll barely misses you. You block the gnoll's attack.
The gnoll hits you with a +0 flail!
* * * LOW HITPOINT WARNING * * *
The gnoll hits you but does no damage.
Items here: $ )) †† a +0 flail; 8 gold pieces; a +0 flail; a gnoll corpse x2
You hit the gnoll.
The gnoll is heavily wounded.
You hit the gnoll but do no damage. The gnoll hits you with a +0 flail.
You die...

$### #....# 8. #......##
##> #........#### ##
##..........#<# #.
##....)........# #
#.##..............##.#
#...............÷)....
##...@....)..........#
##....gg.......÷.......
##...............(......
##...........(...........
#........................
#........................
#........................
###.#...................÷..
#...##.....(..............#


You could see 2 gnolls.

Vanquished Creatures
  Natasha (twice) (D:2)
  4 gnolls
  An ooze (D:2)
  2 worms (D:2)
  A dart slug (D:2)
  3 leopard geckos
  An orc (D:3)
  A ball python (D:3)
  14 bats
  3 giant cockroaches
  5 goblins
  8 hobgoblins
  6 kobolds
  2 quokkas (D:2)
  3 frilled lizards
  10 rats
66 creatures vanquished.

Vanquished Creatures (others)
  A rat (D:3)
1 creature vanquished.

Grand Total: 67 creatures vanquished

Notes
Turn   | Place    | Note
-------+----------+-------------------------------------------
     0 | D:1      | Error4North the Hill Orc Fighter began the quest for the
                  | Orb.
     0 | D:1      | Reached XP level 1. HP: 19/19 MP: 1/1
   144 | D:1      | Reached XP level 2. HP: 23/27 MP: 2/2
   395 | D:1      | Reached XP level 3. HP: 7/33 MP: 3/3
  1380 | D:2      | Reached XP level 4. HP: 19/40 MP: 4/4
  1664 | D:2      | Found a stormy altar of Qazlal.
  1933 | D:2      | Noticed Natasha
  1943 | D:2      | Killed Natasha
  1943 | D:2      | Reached XP level 5. HP: 26/46 MP: 5/5
  2258 | D:2      | Noticed Natasha
  2265 | D:2      | Killed Natasha
  2450 | D:3      | Found a white marble altar of Elyvilon.
  2534 | D:3      | HP: 2/46 [gnoll/+0 flail (8)]
  2535 | D:3      | Slain by a gnoll

Levels and vault maps discovered:
D:1:      sevenhm_arrival_forest_fort_small_5, layout_loops_corners
D:2:      cheibrodos_helix_gallery, layout_basic, grunt_qazlal_sundering,
          first_ration, uniq_natasha
D:3:      layout_basic, elyvilon_altar_4, nicolae_overflow_hidden_temple,
          lemuel_crystal_altar, lemuel_crystal_altar, portal_sewer_entry_b,
          minmay_starry_boxes, uniq_grinder

Skill      XL: |  1  2  3  4  5 |
---------------+----------------+-----
Armour         | 4 |  4.9
Axes           | 3 4 |  4.1
Shields        | 4 |  4.4
Fighting       | 4 |  4.0
Dodging        | |  0.3

Action                   |  1- 3 |  4- 6 || total
-------------------------+-------+-------++-------
Melee: War axe           |   125 |   113 ||   238
  Use: Potion            |       |     1 ||     1
  Eat: Chunk             |     1 |     5 ||     6
Armor: Scale mail        |    87 |    48 ||   135
Dodge: Dodged            |    57 |    48 ||   105
Block: Kite shield       |    86 |    90 ||   176

Table legend:
 A = Non-vault XP
 B = Vault XP
 C = Vault XP percentage of total XP
 D = Non-vault monster count
 E = Vault monster count
 F = Vault count percentage of total count
                 A         B        C        D         E       F
            +---------+---------+-------+---------+---------+-------
      Total |     207 |      39 |  15.9 |      63 |       3 |   4.5
            +---------+---------+-------+---------+---------+-------
        D:1 |      67 |       0 |   0.0 |      23 |       0 |   0.0
        D:2 |      97 |      39 |  28.7 |      30 |       3 |   9.1
        D:3 |      43 |       0 |   0.0 |      10 |       0 |   0.0
            +---------+---------+-------+---------+---------+-------
